General information
- name: BNet
- type: Ladder team game (AT/RT)
- host: Battle.net
- saver: Mata.
map: Goldshire
- players: 4
- length: 15:43
- speed: Fast
- version: 1.21 W3XP
- replay type:

» download(106 KB)
Players
team 1 (loser)
jiNz (
green | 143 APM | 2242 actions | 15:42)
5 Death Knight
3 Death Coil
1 Unholy Aura
1 Death Pact
» actions
| Assign group hotkey | 110 | |
| Basic commands | 243 | |
| Build / train | 58 | |
| ESC pressed | 1 | |
| Enter build submenu | 25 | |
| Enter hero's abilities submenu | 5 | |
| Right click | 882 | |
| Select / deselect | 424 | |
| Select group hotkey | 402 | |
| Use ability | 92 | |
2242 total
» units
| Acolyte | 2 | |
| Ghoul | 3 | |
| Crypt Fiend | 19 | |
| Frost Wyrm | 4 | |
28 total
» upgrades
» buildings
| Crypt | 2 | |
| Ziggurat | 4 | |
| Altar of Darkness | 2 | |
| Graveyard | 1 | |
| Tomb of Relics | 1 | |
| Nerubian Tower | 1 | |
| Halls of the Dead | 2 | |
| Black Citadel | 2 | |
| Sacrificial Pit | 1 | |
| Boneyard | 2 | |
| Slaughterhouse | 1 | |
19 total
» build order
00:18 Crypt
00:29 Ziggurat
00:33 Altar of Darkness
00:37 Altar of Darkness
00:51 Graveyard
01:33 Ziggurat
02:00 Tomb of Relics
05:28 Ziggurat
05:40 Nerubian Tower
06:12 Ziggurat
06:13 Halls of the Dead
06:34 Crypt
08:48 Black Citadel
08:48 Black Citadel
08:59 Sacrificial Pit
11:12 Boneyard
11:13 Boneyard
14:41 Slaughterhouse
» items
| Rod of Necromancy | 5 | |
| Potion of Healing | 7 | |
| Potion of Mana | 1 | |
13 total
Sly- (
purple | 59 APM | 925 actions | 15:37)
1 Demon Hunter
1 Mana Burn
» actions
| Assign group hotkey | 19 | |
| Basic commands | 42 | |
| Build / train | 40 | |
| ESC pressed | 6 | |
| Enter build submenu | 11 | |
| Enter hero's abilities submenu | 1 | |
| Right click | 397 | |
| Select / deselect | 191 | |
| Select group hotkey | 164 | |
| Use ability | 54 | |
925 total
» units
» buildings
| Altar of Elders | 1 | |
| Moon Well | 5 | |
| Ancient of War | 2 | |
| Hunter's Hall | 1 | |
9 total
» build order
00:07 Altar of Elders
00:18 Moon Well
01:01 Ancient of War
01:56 Moon Well
02:23 Hunter's Hall
02:30 Ancient of War
03:15 Moon Well
04:01 Moon Well
04:46 Moon Well
team 2 (winner)
dirtmcwordup (
pink | 109 APM | 1719 actions | 15:43)
3 Demon Hunter
2 Mana Burn
1 Evasion
3 Dark Ranger
2 Black Arrow
1 Life Drain
» actions
| Assign group hotkey | 14 | |
| Basic commands | 61 | |
| Build / train | 45 | |
| Enter build submenu | 19 | |
| Enter hero's abilities submenu | 6 | |
| Right click | 927 | |
| Select / deselect | 172 | |
| Select group hotkey | 406 | |
| Use ability | 69 | |
1719 total
» units
| Wisp | 16 | |
| Dryad | 6 | |
| Druid of the Claw | 2 | |
24 total
» upgrades
| Ultravision | 1 | |
| Abolish Magic | 1 | |
| Strength of the Wild | 1 | |
| Druid of the Claw Training | 2 | |
5 total
» buildings
| Altar of Elders | 1 | |
| Moon Well | 7 | |
| Ancient of War | 2 | |
| Tree of Ages | 1 | |
| Hunter's Hall | 1 | |
| Ancient of Lore | 2 | |
| Tree of Eternity | 1 | |
| Ancient of Wonders | 1 | |
16 total
» build order
00:11 Altar of Elders
00:17 Moon Well
00:51 Ancient of War
02:19 Ancient of War
04:10 Moon Well
05:02 Tree of Ages
05:03 Hunter's Hall
05:29 Moon Well
05:31 Moon Well
07:25 Ancient of Lore
07:26 Ancient of Lore
08:07 Moon Well
10:24 Tree of Eternity
12:09 Moon Well
12:11 Moon Well
12:47 Ancient of Wonders
» items
| Scroll of Town Portal | 1 | |
| Orb of Venom | 1 | |
| Staff of Preservation | 1 | |
| Potion of Healing | 1 | |
| Anti-magic Potion | 1 | |
| Dust of Appearance | 1 | |
6 total
Mata. (
yellow | 162 APM | 2556 actions | 15:43)
3 Archmage
2 Summon Water Elemental
1 Brilliance Aura
» actions
| Assign group hotkey | 238 | |
| Basic commands | 8 | |
| Build / train | 94 | |
| ESC pressed | 5 | |
| Enter build submenu | 63 | |
| Enter hero's abilities submenu | 4 | |
| Right click | 1245 | |
| Select / deselect | 602 | |
| Select group hotkey | 140 | |
| Use ability | 157 | |
2556 total
» units
| Peasant | 24 | |
| Footman | 18 | |
| Dragonhawk Rider | 5 | |
47 total
» upgrades
» buildings
| Altar of Kings | 1 | |
| Barracks | 3 | |
| Farm | 5 | |
| Lumber Mill | 1 | |
| Scout Tower | 49 | |
| Guard Tower | 37 | |
| Town Hall | 1 | |
| Keep | 3 | |
| Gryphon Aviary | 3 | |
| Arcane Vault | 1 | |
104 total
» build order
00:03 Altar of Kings
00:06 Barracks
00:26 Farm
01:06 Farm
01:15 Lumber Mill
02:22 Farm
02:23 Farm
02:34 Scout Tower
02:46 Scout Tower
02:48 Scout Tower
03:15 Guard Tower
03:46 Scout Tower
04:03 Scout Tower
04:05 Scout Tower
04:06 Scout Tower
04:06 Guard Tower
04:07 Scout Tower
04:07 Scout Tower
04:36 Guard Tower
06:18 Town Hall
06:37 Guard Tower
06:47 Farm
07:29 Barracks
09:02 Keep
09:02 Keep
11:11 Scout Tower
11:11 Scout Tower
11:25 Scout Tower
11:26 Scout Tower
11:27 Scout Tower
11:29 Barracks
11:31 Scout Tower
11:38 Scout Tower
11:48 Scout Tower
11:56 Guard Tower
11:56 Guard Tower
11:57 Scout Tower
11:58 Scout Tower
11:58 Scout Tower
11:59 Scout Tower
12:08 Scout Tower
12:09 Scout Tower
12:09 Scout Tower
12:15 Guard Tower
12:17 Guard Tower
12:29 Guard Tower
12:30 Guard Tower
12:30 Scout Tower
12:38 Guard Tower
12:40 Scout Tower
12:41 Scout Tower
12:41 Guard Tower
12:42 Guard Tower
12:42 Scout Tower
12:52 Scout Tower
12:53 Scout Tower
12:56 Scout Tower
12:58 Guard Tower
12:58 Guard Tower
12:59 Scout Tower
13:10 Scout Tower
13:16 Gryphon Aviary
13:17 Gryphon Aviary
13:22 Gryphon Aviary
13:25 Guard Tower
13:26 Scout Tower
13:26 Scout Tower
13:27 Scout Tower
13:32 Arcane Vault
13:33 Scout Tower
13:35 Scout Tower
13:54 Guard Tower
13:54 Guard Tower
14:02 Guard Tower
14:02 Guard Tower
14:04 Guard Tower
14:04 Guard Tower
14:28 Scout Tower
14:42 Scout Tower
14:42 Scout Tower
14:44 Scout Tower
14:44 Scout Tower
14:46 Scout Tower
14:54 Guard Tower
14:54 Guard Tower
15:07 Scout Tower
15:09 Guard Tower
15:36 Guard Tower
15:38 Scout Tower
15:38 Scout Tower
15:39 Scout Tower
15:39 Scout Tower
Chat log
(00:05 / Allies) dirtmcwordup: hmmmmm.
(00:18 / Allies) Mata.: we need a name for that cause it's a pretty complex idea
(00:52 / Allies) Mata.: gonna call it a mannerhole
(01:00 / Allies) Mata.: dont forget to make me a mannerhole
(01:05 / Allies) dirtmcwordup: wont...
(01:14 / All) Sly-: every game
(01:19 / All) dirtmcwordup: ??
(01:22 / All) dirtmcwordup: gl hf
(01:27 / All) Sly-: fu
(01:38 / Allies) dirtmcwordup: wisp
(01:42 / Allies) Mata.: saw, what can i do
(01:54 / Allies) Mata.: make mannerhole and go
(05:53 / Allies) dirtmcwordup: you expo or me
(08:20 / Allies) dirtmcwordup: make tower
(08:25 / Allies) Mata.: whateva
(08:36 / Allies) Mata.: let guy play around for a bit if he wants
(08:58 / Allies) dirtmcwordup: hope you got defend
(09:02 / Allies) Mata.: i do
(10:15 / Allies) dirtmcwordup: lag.
(10:18 / Allies) Mata.: heal up
(13:58 / Allies) Mata.: need lum
(14:27 / Allies) dirtmcwordup: dh taking forever
(14:28 / Allies) dirtmcwordup: god